 Dungeon Crawl Stone Soup version 0.29-a0-1023-g6ae1a4a2c7 (webtiles) character file.

Game seed: 1161625563915472231

10 BritishOli the Trooper (level 2, 24/24 HPs)
             Began as a Demonspawn Fighter on Aug 11, 2022.
             Got out of the dungeon alive.
             The game lasted 00:00:09 (168 turns).

BritishOli the Trooper (Demonspawn Fighter)          Turns: 168, Time: 00:00:10

Health: 24/24      AC:  6    Str: 16    XL:     2   Next: 10%
Magic:  2/2        EV:  8    Int:  9    God:
Gold:   0          SH:  4    Dex: 12    Spells: 1/1 levels left

rFire   . . .      SeeInvis .   a - +0 long sword
rCold   . . .      Faith    .   c - +0 buckler
rNeg    . . .      Spirit   .   b - +0 scale mail
rPois   .          Reflect  .   (no helmet)
rElec   .          Harm     .   (no cloak)
rCorr   .          Rampage  .   (no gloves)
Will    .....                   (no boots)
Stlth   ..........              (no amulet)
HPRegen 0.08/turn               (no ring)
MPRegen 0.16/turn               (no ring)

@: no status effects
A: magic regeneration
a: no special abilities


You escaped.
You visited 1 branch of the dungeon, and saw 1 of its levels.

Inventory:

Hand Weapons
 a - a +0 long sword (weapon)
Armour
 b - a +0 scale mail (worn)
 c - a +0 buckler (worn)
Scrolls
 f - a scroll of poison {unknown}
 g - a scroll of teleportation {unknown}
Potions
 d - 2 potions of might
 e - a potion of brilliance {unknown}


   Skills:
 + Level 3.1 Fighting
 + Level 2.0 Long Blades
 + Level 2.8 Armour
 + Level 2.8 Shields


You had one spell level left.
You didn't know any spells.
Your spell library was empty.

Dungeon Overview and Level Annotations

Branches:
Dungeon (1/15)

Altars:


Innate Abilities, Weirdness & Mutations

You regenerate magic rapidly.


Message History

There is an open door here.
There is a stone staircase leading down here.
e - a fizzy golden potion No target in view!
Found a dagger.
No target in view!
You see here a +0 dagger.
Found 4 poisoned darts.
No target in view!
f - a scroll labelled GOISAI BUPAME A dart slug comes into view.
You slash the dart slug!
You kill the dart slug!
Your Long Blades skill increases to level 2!
A goblin comes into view. It is wielding a +0 dagger.
The goblin shouts!
You see here a dart slug corpse.
A goblin is nearby!
A ball python comes into view.
There are monsters nearby!
Found a scroll labelled TYANKIAXKO.
The ball python bites you but does no damage.
The ball python closely misses you. You block the ball python's attack.
The ball python grabs you. The ball python constricts you.
There are monsters nearby!
You hit the ball python.
You kill the ball python!
You have reached level 2!
Your demonic ancestry asserts itself...
Your magic begins to regenerate rapidly.
You hit the goblin.
You kill the goblin!
g - a scroll labelled TYANKIAXKO No target in view!
No target in view!
No target in view!
No target in view!
There is a staircase leading out of the dungeon here.
Are you sure you want to leave the Dungeon?
This will make you lose the game!
You have escaped!

#.##......###
#.........
#####..###.#.#
##8.8#......# #
#).....####.# #
#.........# #
##..8....#.# #
#8.......# .. #
#@.......# # #
#8.......# #
##..8....# ######
#.......# #.....
#.......####.###.
##8.8#.....#.###.
#######.###.#.#...
#........# #.#.##
#........+ #.#.##


There were no monsters in sight!

Vanquished Creatures
  A dart slug (D:1)
  A ball python (D:1)
  An endoplasm (D:1)
  2 goblins (D:1)
  A hobgoblin (D:1)
  A frilled lizard (D:1)
7 creatures vanquished.

Notes
Turn   | Place    | Note
-------+----------+-------------------------------------------
     0 | D:1      | BritishOli the Demonspawn Fighter began the quest for the
                  | Orb.
     0 | D:1      | Reached XP level 1. HP: 18/18 MP: 1/1
   140 | D:1      | Gained mutation: You regenerate magic rapidly. [demonic
                  | ancestry]
   140 | D:1      | Reached XP level 2. HP: 23/24 MP: 2/2
   168 | D:$      | Got out of the dungeon alive.

Illustrated notes

Levels and vault maps discovered:
D:1:      mrwooster_arrival_statue_2, layout_basic, serial_shops,
          nicolae_shop_advertising_works [nicolae_subvault_shop_adworks],
          shop_fountains, dreamdust_ecumenical_altar_hidden_monk_grotto,
          kennysheep_flooded_box, kennysheep_decorative_pillar

Skill      XL: |  1 |
---------------+----+-----
Long Blades    | 2 |  2.0
Fighting       | |  3.1
Armour         | |  2.8
Shields        | |  2.8

Action                   || total
-------------------------++-------
Melee: Long sword        ||     9
Armor: Scale mail        ||     4
Dodge: Dodged            ||     3
Block: Buckler           ||     1

Table legend: (Time is in decaauts)
 A = Elapsed time spent in this place.
 B = Non-inter-level travel time spent in this place.
 C = Inter-level travel time spent in this place.
 D = Time resting spent in this place.
 E = Time spent auto-exploring this place.
 F = Levels seen in this place.
 G = Mean time per level.
                   A        B        C        D        E       F      G
               +--------+--------+--------+--------+--------+-----+--------+
         Total |    171 |    158 |     13 |      0 |    127 |   1 |  171.0 |
       Dungeon |    171 |    158 |     13 |      0 |    127 |   1 |  171.0 |
               +--------+--------+--------+--------+--------+-----+--------+

Top non-repeatable levels by time:
     D:1: 171 daAuts
